 Dungeon Crawl Stone Soup version 0.29-a0-1008-g949cc1d0fb (webtiles) character file.

Game seed: 4623926552284095876

651 Sabo the Trooper (level 7, 0/66 HPs)
             Began as a Naga Berserker on Aug 8, 2022.
             Was a Believer of Trog.
             Slain by a gnoll
             ... wielding a +0 spear
              (7 damage)
             ... on level 5 of the Dungeon.
             The game lasted 00:26:45 (6202 turns).

Sabo the Trooper (Naga Berserker)                   Turns: 6202, Time: 00:26:45

Health: 0/66       AC: 13    Str: 28    XL:     7   Next: 53%
Magic:  7/7        EV:  8    Int:  4    God:    Trog [**....]
Gold:   124        SH:  0    Dex: 10    Spells: 6/6 levels left

rFire   . . .      SeeInvis +   f - +2 dagger (venom)
rCold   . . .      Faith    .   (no shield)
rNeg    . . .      Spirit   .   t - +5 scale mail of the Watchman {Will+ Str+6 Int-3 SInv}
rPois   +          Reflect  .   k - +0 helmet
rElec   .          Harm     .   (no cloak)
rCorr   .          Rampage  .   h - +0 pair of gloves
Will    +....                   (no barding)
Stlth   ..........              g - amulet of regeneration
HPRegen 1.01/turn               (no ring)
MPRegen 0.10/turn               (no ring)

@: on berserk cooldown, slowed, very slow
A: AC +2, large, see invisible, deformed body, poison resistance, slowness 2,
spit poison 1, naga tail 1
a: Spit Poison, Renounce Religion, Berserk, Trog's Hand


You were on level 5 of the Dungeon.
You worshipped Trog.
Trog was pleased with you.
You visited 1 branch of the dungeon, and saw 5 of its levels.

You collected 340 gold pieces.
You spent 216 gold pieces at shops.

Inventory:

Hand Weapons
 a - a +0 hand axe
 c - a +0 sling
 e - a +1 antimagic dagger
 f - a +2 dagger of venom (weapon)
 o - a +0 sling
 q - a +1 dagger of protection
 s - a +0 longbow
Armour
 h - a +0 pair of gloves (worn)
 k - a +0 helmet (worn)
 t - the +5 scale mail of the Watchman (worn) {Will+ Str+6 Int-3 SInv}
   (You bought it in a shop on level 3 of the Dungeon)

   Str:       It affects your strength (+6).
   Int:       It affects your intelligence (-3).
   SInv:      It lets you see invisible.
   Will:      It increases your willpower.
Jewellery
 g - an amulet of regeneration (around neck)
 n - an amulet of guardian spirit
Scrolls
 m - a scroll of butterflies
 p - 2 scrolls of summoning
 r - a scroll of immolation
 u - a scroll of vulnerability {unknown}
Potions
 b - 2 potions of resistance
 d - 3 potions of curing
 i - 2 potions of cancellation {unknown}
 j - 2 potions of mutation {unknown}
 l - a potion of heal wounds {unknown}
 v - a potion of ambrosia {unknown}


   Skills:
 + Level 4.3 Fighting
 + Level 3.9 Short Blades
 + Level 3.7 Axes
 + Level 4.1 Armour
 + Level 2.6 Dodging
 + Level 2.0 Stealth


You had 6 spell levels left.
You didn't know any spells.
Your spell library was empty.

Dungeon Overview and Level Annotations

Branches:
Dungeon (5/15)             Temple (0/1) D:4

Altars:

Shops:
D:2 =   D:3 ([::[


Innate Abilities, Weirdness & Mutations

Your serpentine skin is tough. (AC +2)
You have supernaturally acute eyesight. (SInv)
Armour fits poorly on your strangely shaped body.
Your system is resistant to poisons. (rPois)
You cover ground very slowly.
You can spit poison.
You have a snake-like lower body.


Message History

The gnoll hits you but does no damage. The gnoll closely misses you.
A red film seems to cover your vision as you go berserk!
You feel yourself moving faster!
You feel mighty!
You kill the orc!
Trog accepts your kill.
The orc priest hits you but does no damage.
The gnoll hits you from afar with a +0 spear.
* * * LOW HITPOINT WARNING * * *
The gnoll hits you but does no damage.
The gnoll hits you from afar with a +0 spear of flaming.
* * * LOW HITPOINT WARNING * * *
The gnoll burns you.
* * * LOW HITPOINT WARNING * * *
You closely miss the orc priest.
The orc priest is moderately wounded.
You hit the orc priest.
The orc priest looks as sick as possible!
The orc priest is severely wounded.
The orc priest barely misses you.
The gnoll hits you from afar with a +0 spear.
* * * LOW HITPOINT WARNING * * *
The gnoll barely misses you.
The gnoll hits you from afar with a +0 spear of flaming.
* * * LOW HITPOINT WARNING * * *
The gnoll burns you.
* * * LOW HITPOINT WARNING * * *
Unknown command.
You puncture the orc priest!
You kill the orc priest!
Trog accepts your kill. The gnoll hits you but does no damage.
The gnoll barely misses you.
Things that are here:
a +1 mace of holy wrath; a +0 leather armour You feel a strong urge to attack something.
You feel your anger nearly subside.
You are no longer berserk.
You are exhausted.
You feel yourself slow down. The gnoll hits you but does no damage.
The gnoll closely misses you.
The gnoll hits you from afar with a +0 spear!
You die...

...♣♣♣♣..≈≈≈
...........
#.....#.$###
#.?........
###.....#..#
#og.........
#g#...#.########
#g##......<....#
#@#....##.##...#
#.#....+.......#
#......#.#.#...#
########. .# ..#
#. ## .# .. # ##


You could see 3 gnolls and an orc.

Vanquished Creatures
  A steam dragon (D:4)
  A water moccasin (D:4)
  A phantom (D:4)
  2 scorpions (D:4)
  A hound (D:4)
  An orc priest (D:5)
  An iguana (D:4)
  6 adders
  A gnoll (D:1)
  An ufetubus (D:4)
  A worm (D:2)
  7 dart slugs
  An orc (D:5)
  8 endoplasms
  5 giant cockroaches
  5 hobgoblins
  6 kobolds
  5 quokkas
  6 ball pythons
  6 bats
  A frilled lizard (D:2)
  4 goblins
  3 rats
74 creatures vanquished.

Vanquished Creatures (others)
  A plant (D:2)
1 creature vanquished.

Grand Total: 75 creatures vanquished

Notes
Turn   | Place    | Note
-------+----------+-------------------------------------------
     0 | D:1      | Sabo the Naga Berserker began the quest for the Orb.
     0 | D:1      | Reached XP level 1. HP: 21/21 MP: 1/1
   477 | D:1      | Reached XP level 2. HP: 13/28 MP: 2/2
  1298 | D:1      | Reached XP level 3. HP: 34/34 MP: 3/3
  2374 | D:2      | Found a faded altar of an unknown god.
  2791 | D:2      | Found Xanuen's Jewellery Boutique.
  2801 | D:2      | Reached XP level 4. HP: 42/42 MP: 4/4
  3079 | D:3      | Found Vath's Book Shop.
  3092 | D:3      | Found Fenet's Book Shop.
  3124 | D:3      | Found Latyigaiwn's Armour Shop.
  3508 | D:3      | Found Otoeton's Antique Weapon Emporium.
  3717 | D:3      | Found Reiraps's Antique Armour Shop.
  3758 | D:3      | Bought an amethyst-encrusted scale mail for 216 gold pieces
  3758 | D:3      | Identified the +5 scale mail of the Watchman {Will+ Str+6
                  | Int-3 SInv} (You bought it in a shop on level 3 of the
                  | Dungeon)
  4006 | D:3      | Reached skill level 1 in Short Blades
  4011 | D:3      | Reached skill level 1 in Stealth
  4391 | D:4      | Reached ** piety under Trog
  4392 | D:4      | Reached XP level 5. HP: 38/49 MP: 5/5
  4526 | D:4      | Noticed a phantom
  4570 | D:4      | Killed a phantom
  4873 | D:4      | Reached XP level 6. HP: 43/57 MP: 6/6
  5042 | D:4      | Noticed a steam dragon
  5059 | D:4      | Killed a steam dragon
  5389 | D:4      | Reached XP level 7. HP: 64/64 MP: 7/7
  5875 | D:4      | Found a staircase to the Ecumenical Temple.
  6154 | D:5      | Entered Level 5 of the Dungeon
  6196 | D:5      | HP: 4/96 [gnoll/+0 spear of flaming (2)]
  6202 | D:5      | Slain by a gnoll

Illustrated notes

Levels and vault maps discovered:
D:1:      dpeg_arrival_rooms_with_view, layout_loops_ring
D:2:      layout_loops_ring, serial_shops, nicolae_shop_advertising_works
          [nicolae_subvault_shop_adworks], hellmonk_ecumenical_altar_zigzags,
          guppyfry_early_lair_pool
D:3:      layout_basic, serial_shops, shop, nicolae_shop_behind_doors,
          shop_coins, shop_statue, shop
D:4:      layout_cave_pods, minmay_temple_entry_antechambers
D:5:      layout_basic, mainiacjoe_overflow_boulevard,
          worldfamousw_hep_ancestral_shrine, nicolae_overflow_hidden_temple,
          kennysheep_dice

Skill      XL: |  1  2  3  4  5  6  7 |
---------------+----------------------+-----
Armour         | 2 3 4 |  4.1
Short Blades   | 1 2 3 |  3.9
Stealth        | 1 2 |  2.0
Dodging        | 2 |  2.6
Fighting       | 4 |  4.3
Axes           | |  3.7

Action                   |  1- 3 |  4- 6 |  7- 9 || total
-------------------------+-------+-------+-------++-------
Melee: Hand axe          |    20 |       |       ||    20
       Dagger            |    72 |   153 |    41 ||   266
       Punch             |       |     2 |       ||     2
Invok: Berserk           |       |       |     1 ||     1
 Abil: Spit Poison       |     4 |     1 |       ||     5
  Use: Potion            |     1 |       |     2 ||     3
       Scroll            |       |     3 |     2 ||     5
Armor: Animal skin       |     4 |       |       ||     4
       Chain mail        |    33 |    44 |       ||    77
       Scale mail        |       |    80 |    34 ||   114
Dodge: Dodged            |    30 |    71 |    26 ||   127

Table legend: (Time is in decaauts)
 A = Elapsed time spent in this place.
 B = Non-inter-level travel time spent in this place.
 C = Inter-level travel time spent in this place.
 D = Time resting spent in this place.
 E = Time spent auto-exploring this place.
 F = Levels seen in this place.
 G = Mean time per level.
                   A        B        C        D        E       F      G
               +--------+--------+--------+--------+--------+-----+--------+
         Total |   7575 |   7575 |      0 |   2290 |      0 |   5 | 1515.0 |
       Dungeon |   7575 |   7575 |      0 |   2290 |      0 |   5 | 1515.0 |
               +--------+--------+--------+--------+--------+-----+--------+

Top non-repeatable levels by time:
     D:4: 2157 daAuts
     D:1: 2044 daAuts
     D:3: 1671 daAuts
     D:2: 1645 daAuts
     D:5: 57 daAuts
